3L
BROOKLYN DODGERS @ CHICAGO HAWKS
08/28/2024
 
TOP OF THE 1ST
Brooklyn Dodgers batting - Pitching for Chicago Hawks : RHP Benny York
Pitching: RHP Benny York
Batting: LHB Ron Bascombe 0-0: Foul Ball, location: 2F
0-1: Foul Ball, location: 2F
0-2: Ball
1-2: Strikes out looking
Batting: RHB Thom Wilcox 0-0: Swinging Strike
0-1: Foul Ball, location: 2F
0-2: Ball
1-2: Ball
2-2: Strikes out looking
Batting: SHB Leonard O'Connor 0-0: Ball
1-0: Ball
2-0: Fly out, F9 (Flyball, 9LM)
Top of the 1st over - 0 run(s), 0 hit(s), 0 error(s), 0 left on base; Brooklyn 0 - Chicago 0
BOTTOM OF THE 1ST
Chicago Hawks batting - Pitching for Brooklyn Dodgers : LHP Addie Samson
Pitching: LHP Addie Samson
Batting: RHB Ludwig Kluge 0-0: Ball
1-0: Ball
2-0: Ball
3-0: Base on Balls
Batting: SHB Evan Adams 0-0: Ball
1-0: Called Strike
1-1: Ball
2-1: Ball
3-1: Foul Ball, location: 2F
3-2: Strikes out looking
Ludwig Kluge steals 2nd base
Batter strikes out.
Batting: RHB Robbie Roach 0-0: Ground out 5-3 (Groundball, 5)
Batting: RHB Iván Pérez 0-0: Ball
1-0: Ground out 4-3 (Groundball, 4)
Bottom of the 1st over - 0 run(s), 0 hit(s), 0 error(s), 1 left on base; Brooklyn 0 - Chicago 0
TOP OF THE 2ND
Brooklyn Dodgers batting - Pitching for Chicago Hawks : RHP Benny York
Batting: RHB Chris Teague 0-0: Ball
1-0: SINGLE (Groundball, 6M)
Batting: LHB Avon Barksdale 0-0: Foul Ball, location: 2F
0-1: Ball
1-1: Ball
2-1: Grounds into double play, 4-6-3 (Groundball, 4)
Batting: RHB Curt Kenney 0-0: Called Strike
0-1: Foul Ball, location: 2F
0-2: Foul Ball, location: 2F
0-2: Hit by Pitch
Batting: RHB Josh Stafford 0-0: Ball
1-0: Fly out, F9 (Flyball, 9M)
Top of the 2nd over - 0 run(s), 1 hit(s), 0 error(s), 1 left on base; Brooklyn 0 - Chicago 0
BOTTOM OF THE 2ND
Chicago Hawks batting - Pitching for Brooklyn Dodgers : LHP Addie Samson
Batting: RHB Akihiko Oike 0-0: Called Strike
0-1: Ball
1-1: Swinging Strike
1-2: SINGLE (Line Drive, 6MD)
Batting: LHB Bill Griffin 0-0: Swinging Strike
0-1: Grounds into double play, 4-6-3 (Groundball, 4)
Batting: RHB Pablo Trujillo 0-0: Ball
1-0: Ball
2-0: Ball
3-0: Base on Balls
Batting: LHB Johnny Hernández 0-0: Called Strike
0-1: Called Strike
0-2: Foul Ball, location: 2F
0-2: Foul Ball, location: 2F
0-2: Strikes out swinging
Bottom of the 2nd over - 0 run(s), 1 hit(s), 0 error(s), 1 left on base; Brooklyn 0 - Chicago 0
TOP OF THE 3RD
Brooklyn Dodgers batting - Pitching for Chicago Hawks : RHP Benny York
Batting: RHB Tony Justice 0-0: Foul Ball, location: 2F
0-1: Ball
1-1: Ball
2-1: Swinging Strike
2-2: SINGLE (Line Drive, 7S)
Batting: RHB Vincent Crane 0-0: Ball
1-0: Ball
2-0: Foul Ball, location: 2F
2-1: Called Strike
2-2: Foul Ball, location: 2F
2-2: Fielders Choice at 2nd, 5-4 (Groundball, 56)
Batting: LHB Ron Bascombe 0-0: Ball
1-0: Ball
2-0: Called Strike
2-1: Ball
3-1: Fielders Choice at 2nd, 4-6 (Groundball, 4)
Batting: RHB Thom Wilcox 0-0: Ball
1-0: Foul Ball, location: 2F
1-1: Swinging Strike
1-2: Ball
2-2: Ground out 6-3 (Groundball, 6M)
Top of the 3rd over - 0 run(s), 1 hit(s), 0 error(s), 1 left on base; Brooklyn 0 - Chicago 0
BOTTOM OF THE 3RD
Chicago Hawks batting - Pitching for Brooklyn Dodgers : LHP Addie Samson
Batting: RHB Soseki Matsunaga 0-0: Ball
1-0: Called Strike
1-1: Swinging Strike
1-2: SINGLE (Groundball, 56)
Batting: RHB Ludwig Kluge 0-0: Ball
1-0: Ball
2-0: Fly out, F5 (Popup, 5SF)
Batting: SHB Evan Adams 0-0: Ball
1-0: Ball
2-0: Called Strike
2-1: Foul Ball, location: 2F
2-2: Ball
3-2: Base on Balls
Soseki Matsunaga to second
Batting: RHB Robbie Roach 0-0: Ball
1-0: Ground out 5-3 (Groundball, 5S)
Soseki Matsunaga to third
Evan Adams to second
Batting: RHB Iván Pérez 0-0: Ball
1-0: Ball
2-0: Reached on error, E5 (Groundball, 5)
Soseki Matsunaga scores
Evan Adams scores
Batting: RHB Akihiko Oike 0-0: Swinging Strike
0-1: Ball
1-1: Reached on error, E5 (Groundball, 56)
Iván Pérez to third
Batting: LHB Bill Griffin 0-0: Called Strike
0-1: Called Strike
0-2: Foul Ball, location: 2F
0-2: Ball
1-2: Foul Ball, location: 2F
1-2: Ball
2-2: Ball
3-2: SINGLE (Groundball, 34)
Iván Pérez scores
Akihiko Oike to second
Akihiko Oike to third
Batting: RHB Pablo Trujillo 0-0: Called Strike
0-1: Fly out, F7 (Flyball, 7D)
Bottom of the 3rd over - 3 run(s), 2 hit(s), 2 error(s), 2 left on base; Brooklyn 0 - Chicago 3
TOP OF THE 4TH
Brooklyn Dodgers batting - Pitching for Chicago Hawks : RHP Benny York
Batting: SHB Leonard O'Connor 0-0: Ball
1-0: Foul Ball, location: 2F
1-1: Ball
2-1: Fly out, F8 (Flyball, 8LXD)
Batting: RHB Chris Teague 0-0: Ground out 6-3 (Groundball, 6)
Batting: LHB Avon Barksdale 0-0: Called Strike
0-1: Ball
1-1: Swinging Strike
1-2: Fly out, F8 (Flyball, 8RD)
Top of the 4th over - 0 run(s), 0 hit(s), 0 error(s), 0 left on base; Brooklyn 0 - Chicago 3
BOTTOM OF THE 4TH
Chicago Hawks batting - Pitching for Brooklyn Dodgers : LHP Addie Samson
Batting: LHB Johnny Hernández 0-0: Foul Ball, location: 2F
0-1: Ball
1-1: Foul Ball, location: 2F
1-2: Strikes out swinging
Batting: RHB Soseki Matsunaga 0-0: Ball
1-0: SINGLE (Line Drive, 56)
Batting: RHB Ludwig Kluge 0-0: Foul Ball, location: 2F
0-1: Swinging Strike
0-2: Strikes out looking
Batting: SHB Evan Adams 0-0: Ball
1-0: Swinging Strike
1-1: Ball
2-1: Fly out, F5 (Popup, 25F)
Bottom of the 4th over - 0 run(s), 1 hit(s), 0 error(s), 1 left on base; Brooklyn 0 - Chicago 3
TOP OF THE 5TH
Brooklyn Dodgers batting - Pitching for Chicago Hawks : RHP Benny York
Batting: RHB Curt Kenney 0-0: Ball
1-0: Called Strike
1-1: Foul Ball, location: 2F
1-2: Foul Ball, location: 2F
1-2: Foul Ball, location: 2F
1-2: Foul Ball, location: 2F
1-2: Strikes out looking
Batting: RHB Josh Stafford 0-0: Ball
1-0: Called Strike
1-1: Swinging Strike
1-2: DOUBLE (Line Drive, 3D)
Batting: RHB Tony Justice 0-0: Ball
1-0: SINGLE (Flyball, 89M)
Josh Stafford to third
Runner from 3rd tries for Home, SAFE, throw made home
Tony Justice to second
Batting: RHB Vincent Crane 0-0: Ball
1-0: Ball
2-0: Foul Ball, location: 2F
2-1: Ball
3-1: Base on Balls
Batting: LHB Ron Bascombe 0-0: Called Strike
0-1: Ball
1-1: Foul Ball, location: 2F
1-2: Foul Ball, location: 2F
1-2: Ball
2-2: Foul Ball, location: 2F
2-2: Ball
3-2: Grounds into double play, U4-3 (Groundball, 4M)
Top of the 5th over - 1 run(s), 2 hit(s), 0 error(s), 1 left on base; Brooklyn 1 - Chicago 3
BOTTOM OF THE 5TH
Chicago Hawks batting - Pitching for Brooklyn Dodgers : LHP Addie Samson
Batting: RHB Robbie Roach 0-0: Called Strike
0-1: Fly out, F8 (Flyball, 8RM)
Batting: RHB Iván Pérez 0-0: Called Strike
0-1: Ball
1-1: Ball
2-1: SOLO HOME RUN (Flyball, 7D), Distance : 358 ft
Batting: RHB Akihiko Oike 0-0: Ball
1-0: SINGLE (Line Drive, 5)
Batting: LHB Bill Griffin 0-0: Hit by Pitch
Akihiko Oike to second
Batting: RHB Pablo Trujillo 0-0: Ball
1-0: Ball
2-0: Ball
3-0: Called Strike
3-1: Foul Ball, location: 2F
3-2: Grounds into double play, U6-3 (Groundball, 6M)
Bottom of the 5th over - 1 run(s), 2 hit(s), 0 error(s), 1 left on base; Brooklyn 1 - Chicago 4
TOP OF THE 6TH
Brooklyn Dodgers batting - Pitching for Chicago Hawks : RHP Benny York
Batting: RHB Thom Wilcox 0-0: Ball
1-0: Foul Ball, location: 2F
1-1: Foul Ball, location: 2F
1-2: Ball
2-2: Ground out 2-3 (Groundball, 2L)
Batting: SHB Leonard O'Connor 0-0: Fly out, F8 (Line Drive, 8LM)
Batting: RHB Chris Teague 0-0: Foul Ball, location: 2F
0-1: Called Strike
0-2: Ball
1-2: Strikes out swinging
Top of the 6th over - 0 run(s), 0 hit(s), 0 error(s), 0 left on base; Brooklyn 1 - Chicago 4
BOTTOM OF THE 6TH
Chicago Hawks batting - Pitching for Brooklyn Dodgers : LHP Addie Samson
Batting: LHB Johnny Hernández 0-0: Ball
1-0: Fly out, F8 (Line Drive, 8LM)
Batting: RHB Soseki Matsunaga 0-0: Ball
1-0: Ball
2-0: Swinging Strike
2-1: Foul Ball, location: 2F
2-2: Strikes out looking
Batting: RHB Ludwig Kluge 0-0: Fly out, F3 (Popup, 23F)
Bottom of the 6th over - 0 run(s), 0 hit(s), 0 error(s), 0 left on base; Brooklyn 1 - Chicago 4
TOP OF THE 7TH
Brooklyn Dodgers batting - Pitching for Chicago Hawks : RHP Benny York
Batting: LHB Avon Barksdale 0-0: Ground out U3 (Groundball, 3)
Batting: RHB Curt Kenney 0-0: Swinging Strike
0-1: Called Strike
0-2: Ball
1-2: Ball
2-2: Strikes out swinging
Batting: RHB Josh Stafford 0-0: Ball
1-0: Swinging Strike
1-1: Foul Ball, location: 2F
1-2: Fly out, F8 (Flyball, 8RM)
Top of the 7th over - 0 run(s), 0 hit(s), 0 error(s), 0 left on base; Brooklyn 1 - Chicago 4
BOTTOM OF THE 7TH
Chicago Hawks batting - Pitching for Brooklyn Dodgers : LHP Addie Samson
Batting: SHB Evan Adams 0-0: Ball
1-0: Called Strike
1-1: Foul Ball, location: 2F
1-2: Ball
2-2: Ground out 1-3 (Groundball, 15)
Batting: RHB Robbie Roach 0-0: Called Strike
0-1: Foul Ball, location: 2F
0-2: Foul Ball, location: 2F
0-2: Ball
1-2: Ground out 5-3 (Groundball, 56)
Batting: RHB Iván Pérez 0-0: Ball
1-0: Ball
2-0: SINGLE (Flyball, 8LS)
Pitching: RHP Travis Hall
Batting: RHB Akihiko Oike 0-0: Called Strike
0-1: Ball
1-1: Called Strike
1-2: Ball
2-2: Foul Ball, location: 2F
2-2: SINGLE (Line Drive, 56)
Iván Pérez to second
Batting: LHB Bill Griffin 0-0: Ground out U3 (Groundball, 3S)
Bottom of the 7th over - 0 run(s), 2 hit(s), 0 error(s), 2 left on base; Brooklyn 1 - Chicago 4
TOP OF THE 8TH
Brooklyn Dodgers batting - Pitching for Chicago Hawks : RHP Benny York
Now at C: Carl Carlson
Now in RF: Jeff Conklin
Batting: RHB Tony Justice 0-0: Called Strike
0-1: Ball
1-1: Called Strike
1-2: SINGLE (Line Drive, 6D)
Batting: RHB Vincent Crane 0-0: Foul Ball, location: 2F
0-1: Ball
1-1: Ball
2-1: Fly out, F8 (Flyball, 8RD)
Batting: LHB Ron Bascombe 0-0: Ball
1-0: SINGLE (Line Drive, 34D)
Tony Justice to second
Batting: RHB Thom Wilcox 0-0: Called Strike
0-1: Swinging Strike
0-2: Strikes out looking
Pitching: RHP Suezo Sato
Batting: SHB Leonard O'Connor 0-0: Ball
1-0: Foul Ball, location: 2F
1-1: Ball
2-1: Foul Ball, location: 2F
2-2: Foul Ball, location: 2F
2-2: Ball
3-2: Ground out 3-1 (Groundball, 34S)
Top of the 8th over - 0 run(s), 2 hit(s), 0 error(s), 2 left on base; Brooklyn 1 - Chicago 4
BOTTOM OF THE 8TH
Chicago Hawks batting - Pitching for Brooklyn Dodgers : RHP Travis Hall
Batting: RHB Pablo Trujillo 0-0: Ground out 5-3 (Groundball, 5S)
Batting: LHB Johnny Hernández 0-0: Ball
1-0: Ball
2-0: Foul Ball, location: 2F
2-1: Swinging Strike
2-2: Foul Ball, location: 2F
2-2: Ball
3-2: Foul Ball, location: 2F
3-2: Base on Balls
Batting: RHB Soseki Matsunaga 0-0: Ball
1-0: Ball
2-0: Foul Ball, location: 2F
2-1: Called Strike
2-2: Ball
3-2: Fly out, F8 (Flyball, 8RM)
Pitching: RHP Folkert van Huizen
Batting: RHB Ludwig Kluge 0-0: Ball
1-0: Fly out, F6 (Popup, 6MD)
Bottom of the 8th over - 0 run(s), 0 hit(s), 0 error(s), 1 left on base; Brooklyn 1 - Chicago 4
TOP OF THE 9TH
Brooklyn Dodgers batting - Pitching for Chicago Hawks : RHP Suezo Sato
Pitching: LHP Manuel Rodríguez
Now at SS: Jeremiah Spencer
Batting: RHB Chris Teague 0-0: Ball
1-0: Foul Ball, location: 2F
1-1: Ball
2-1: SINGLE (Groundball, 56D)
Batting: LHB Avon Barksdale 0-0: Grounds into double play, 6-4-3 (Groundball, 6)
Batting: RHB Curt Kenney 0-0: Reached on error, E5 (Groundball, 56)
Batting: RHB Josh Stafford 0-0: Called Strike
0-1: Ball
1-1: Ground out 4-3 (Groundball, 4)
Top of the 9th over - 0 run(s), 1 hit(s), 1 error(s), 1 left on base; Brooklyn 1 - Chicago 4
This league is powered by Out of the Park Baseball, the baseball management simulation game for PC, Mac and Linux
Monday, October 3rd, 2016 - OOTP Baseball 16.9 Build 39